 Dungeon Crawl Stone Soup version 0.31-a0-217-g58bb5d79cf (webtiles) character file.

Game seed: 5621968612108064403

9786 reriks the Covert (level 11, -3/47 HPs)
             Began as a Spriggan Conjurer on July 2, 2023.
             Was an Elder of Vehumet.
             Killed from afar by an oklob plant (28 damage)
             ... with a splash of acid
             ... on level 10 of the Dungeon.
             The game lasted 00:40:35 (24738 turns).

reriks the Covert (Spriggan Conjurer)              Turns: 24738, Time: 00:40:35

Health: -3/47      AC:  4    Str:  3    XL:     11   Next: 27%
Magic:  7/26       EV: 23    Int: 24    God:    Vehumet [****..]
Gold:   538        SH:  5    Dex: 14    Spells: 10/30 levels left

rFire   . . .        G - +0 whip "Zyloor" {flame, rElec}
rCold   . . .        (no shield)
rNeg    . . .        a - +0 robe
rPois   .            (helmet restricted)
rElec   +            u - +1 cloak
rCorr   .            (gloves unavailable)
SInv    +            (boots unavailable)
Will    ++...        r - amulet of reflection
Stlth   +++++        J - ring of willpower
HPRegen 0.27/turn    K - ring of wizardry
MPRegen 0.20/turn

%: reflection, wizardry (x1)
@: very quick
A: very small, no large weapons, unfitting armour, see invisible, speed 3
a: Renounce Religion


You were on level 10 of the Dungeon.
You worshipped Vehumet.
Vehumet was greatly pleased with you.
You visited 2 branches of the dungeon, and saw 11 of its levels.
You also visited: Ossuary.

You collected 538 gold pieces.

Inventory:

Hand Weapons
 k - a +1 mace of flaming
 x - a +1 whip of electrocution
 G - the +0 whip "Zyloor" (weapon) {flame, rElec}
   (You found it on level 10 of the Dungeon)

   rElec:     It insulates you from electricity.
Armour
 a - a +0 robe (worn)
 s - +0 steam dragon scales
 u - a +1 cloak (worn)
 H - a +0 buckler
Jewellery
 l - a ring of ice
 o - a ring of poison resistance
 r - an amulet of reflection (around neck)
 J - a ring of willpower (left hand)
 K - a ring of wizardry (right hand)
Wands
 q - a wand of polymorph (15)
 I - a wand of charming (11)
Scrolls
 e - a scroll of fog
 j - a scroll of immolation
 n - 2 scrolls of enchant armour
 t - 5 scrolls of fear
 w - 2 scrolls of blinking
 y - 2 scrolls of teleportation
 A - 2 scrolls of revelation
 C - a scroll of brand weapon
Potions
 b - a potion of magic
 c - 3 potions of berserk rage
 d - 3 potions of enlightenment
 f - a potion of resistance {unknown}
 g - 2 potions of curing
 h - 2 potions of lignification {unknown}
 i - 5 potions of heal wounds
 p - 3 potions of haste
 v - 3 potions of attraction {unknown}
 z - 2 potions of degeneration {unknown}
 D - 2 potions of might {unknown}
 E - 3 potions of cancellation
 F - 2 potions of brilliance {unknown}


   Skills:
 + Level 10.9 Dodging
 + Level 12.9 Stealth
 + Level 10.1 Spellcasting
 + Level 6.9 Conjurations
 + Level 10.3 Translocations


You had 10 spell levels left.
You knew the following spells:

 Your Spells              Type           Power      Damage    Failure   Level
a - Magic Dart            Conj           100%       1d8       1%          1
b - Searing Ray           Conj           90%        2d7       1%          2
c - Iskenderun's Mystic   Conj/Tloc      52%        2d11      1%          4
d - Shock                 Conj/Air       100%       1d9       1%          1
e - Volatile Blastmotes   Fire/Tloc      74%        2d16      1%          3
f - Irradiate             Conj/Tmut      14%        3d16      4%          5
g - Fulminant Prism       Conj/Hex       14%        3d8       1%          4

Your spell library contained the following spells:

 Spells                   Type           Power      Damage    Failure   Level
 Apportation              Tloc           100%       N/A       1%          1
 Dazzling Flash           Conj/Hex       56%        N/A       1%          3
 Vhi's Electric Charge    Tloc/Air       74%        N/A       1%          3
 Necrotise                Necr           48%        1d6       2%          1
 Summon Small Mammal      Summ           48%        N/A       2%          1
 Arcjolt                  Conj/Air       14%        1d24      4%          5
 Call Canine Familiar     Summ           12%        N/A       6%          3
 Summon Guardian Golem    Hex/Summ       12%        N/A       6%          3
 Blade Hands              Tmut           6%         N/A       47%         5
 Plasma Beam              Fire/Air       6%         2x1d16    56%         6
 Simulacrum               Ice/Necr       6%         N/A       95%         6
 Ozocubu's Refrigeration  Ice            6%         4d8       96%         7
 Dragon Form              Tmut           6%         N/A       100%        7
 Polar Vortex             Ice            6%         N/A       100%        9


Dungeon Overview and Level Annotations

Branches:
Dungeon (10/15)            Temple (1/1) D:4            Lair (0/5) D:10
Ossuary (visited)
    Orc: D:9-12

Altars:
Ashenzari
Cheibriados
Dithmenos
Elyvilon
Fedhas
Gozag
Hepliaklqana
Kikubaaqudgha
Makhleb
Nemelex Xobeh
Okawaru
Qazlal
Ru
Sif Muna
Trog
Uskayaw
Vehumet
Wu Jian
Xom
Yredelemnul
Zin
The Shining One

Annotations:
D:9 3 runed translucent doors, Warped's ghost, journeyman DESu
D:10 exclusion: oklob plant


Innate Abilities, Weirdness & Mutations

You are very small and have problems with some larger weapons.
You are too small for most types of armour.
You have supernaturally acute eyesight. (SInv)
You cover ground extremely quickly. (Speed+++)


Message History

[Y]es or [N]o only, please.
Really walk into a travel-excluded area?
Uppercase [Y]es or [N]o only, please.
Really walk into a travel-excluded area?
Casting: Fulminant Prism (dangerous; 1% risk of failure)
Confirm with . or Enter, or press ? or * to list all spells.
Aiming: Fulminant Prism (dangerous; 1% risk of failure)
Press: ? - help, Dir - move target You conjure a prism of explosive energy!
A fulminant prism comes into view.
You hear a loud crackle.
You hear an explosion!
Really walk into a travel-excluded area?
Casting: Fulminant Prism (dangerous; 1% risk of failure)
Confirm with . or Enter, or press ? or * to list all spells.
Aiming: Fulminant Prism (dangerous; 1% risk of failure)
Press: ? - help, Dir - move target You conjure a prism of explosive energy!
A fulminant prism comes into view.
The oklob plant spits acid at you. The splash of acid hits you!
You hear a loud crackle.
You hear an explosion!
Really walk into a travel-excluded area?
Casting: Fulminant Prism (dangerous; 1% risk of failure)
Confirm with . or Enter, or press ? or * to list all spells.
Aiming: Fulminant Prism (dangerous; 1% risk of failure)
Press: ? - help, Dir - move target You conjure a prism of explosive energy!
A fulminant prism comes into view.
The oklob plant spits acid at you. The splash of acid hits you!
You feel better.
You hear a loud crackle.
You hear an explosion!
Really walk into a travel-excluded area?
The oklob plant spits acid at you. The splash of acid hits you!!
Ouch! That really hurt!
You die...

#.................###### #....
#........#######).# #....
#####...#######...# #....
#..#...≈...#).# #####
#....#...#....#
##...##..P##...###### ####
#..#.........#......# #...
##+.#≈...>...≈#......# #...
#...#........@#......# #...
#..)..##..P##........######...
#......#...#.........'....#...
#....#...≈...#.......####.'...
#.....#######...###### ###...
#...[....# #.#.### #...
#######+## #.....# #### #..#
#####.# # ######.## ###'### ##


You could see an oklob plant.

Vanquished Creatures
  2 two-headed ogres
  Pikel (D:6)
  A troll (D:10)
  2 hornets
  2 wyverns
  A wraith (D:10)
  11 yaks
  A steam dragon (D:8)
  An acid dragon (D:10)
  5 water moccasins
  2 black bears
  4 ice beasts
  3 orc warriors
  2 sky beasts (D:7)
  4 ogres
  4 centaurs
  4 lemures (D:6)
  A phantom (D:5)
  2 kobold brigands
  Blork the orc (D:6)
  4 bullfrogs
  2 gnoll sergeants
  15 wights
  11 killer bees (D:9)
  3 howler monkeys
  2 electric eels
  2 orc priests
  Crazy Yiuf (D:4)
  2 jellies (D:6)
  2 hounds
  A sleepcap (D:7)
  3 iguanas
  6 orc wizards
  4 mummies
  Robin (D:3)
  8 adders
  24 gnolls
  2 white imps
  2 ufetubi
  4 adder zombies (Ossuary)
  3 worms
  3 dart slugs
  50 orcs
  A bat zombie (D:6)
  5 endoplasms
  3 giant cockroaches
  17 goblins
  7 hobgoblins
  18 jackals
  6 quokkas
  12 ball pythons
  5 bats
  6 frilled lizards
  A goblin zombie (Ossuary)
  3 hobgoblin zombies (Ossuary)
  13 kobolds
  5 kobold zombies (Ossuary)
  2 orc zombies (D:8)
  A quokka zombie (Ossuary)
  5 rats
  7 rat zombies
  2 fulminant prisms (D:10)
328 creatures vanquished.

Vanquished Creatures (others)
  25 fulminant prisms
25 creatures vanquished.

Grand Total: 353 creatures vanquished

Notes
Turn   | Place    | Note
-------+----------+-------------------------------------------
     0 | D:1      | reriks the Spriggan Conjurer began the quest for the Orb.
     0 | D:1      | Reached XP level 1. HP: 9/9 MP: 5/5
   301 | D:1      | Reached XP level 2. HP: 10/13 MP: 1/6
  1362 | D:2      | Reached XP level 3. HP: 16/16 MP: 5/8
  1814 | D:2      | Reached skill level 4 in Stealth
  2151 | D:2      | Found a faded altar of an unknown god.
  2275 | D:2      | Identified the +4 ring mail of Baopteof {rPois MP-9 Str+5
                  | SInv}
  2596 | D:2      | Learned a level 2 spell: Searing Ray
  2929 | D:3      | Noticed Robin
  2941 | D:3      | Reached XP level 4. HP: 21/21 MP: 2/10
  2949 | D:3      | Killed Robin
  3882 | D:3      | Reached skill level 5 in Stealth
  3882 | D:3      | Reached XP level 5. HP: 24/24 MP: 0/11
  5699 | D:3      | Reached XP level 6. HP: 17/28 MP: 8/13
  6282 | D:3      | Reached skill level 6 in Stealth
  6459 | D:3      | Reached skill level 5 in Dodging
  7234 | D:3      | Reached skill level 5 in Spellcasting
  7760 | D:3      | Learned a level 4 spell: Iskenderun's Mystic Blast
  7767 | D:4      | Reached XP level 7. HP: 32/32 MP: 9/15
  7825 | D:4      | Found a staircase to the Ecumenical Temple.
  7880 | Temple   | Entered the Ecumenical Temple
  8150 | Temple   | Became a worshipper of Vehumet
  8673 | D:4      | Found a runed translucent door.
  8674 | D:4      | Noticed Crazy Yiuf
  8983 | D:4      | Reached skill level 1 in Translocations
  9803 | D:4      | Killed Crazy Yiuf
  9804 | D:4      | Reached skill level 7 in Stealth
  9900 | D:5      | Entered Level 5 of the Dungeon
 10491 | D:5      | Reached * piety under Vehumet
 10491 | D:5      | Offered knowledge of Shock by Vehumet.
 10516 | D:5      | Reached XP level 8. HP: 33/36 MP: 8/17
 10577 | D:5      | Learned a level 1 spell: Shock
 11143 | D:5      | Reached skill level 8 in Stealth
 12085 | D:6      | Noticed Pikel
 12481 | D:6      | Reached skill level 5 in Translocations
 12571 | D:6      | Killed Pikel
 12572 | D:6      | Reached skill level 9 in Stealth
 12572 | D:6      | Reached skill level 5 in Conjurations
 12572 | D:6      | Reached XP level 9. HP: 39/39 MP: 8/20
 12872 | D:6      | Found a snail-covered altar of Cheibriados.
 13475 | D:6      | Noticed Blork the orc
 13679 | D:6      | Killed Blork the orc
 14183 | D:6      | Found an ancient bone altar of Kikubaaqudgha.
 14716 | D:7      | Reached ** piety under Vehumet
 14716 | D:7      | Offered knowledge of Poisonous Vapours by Vehumet.
 14717 | D:7      | Reached skill level 10 in Stealth
 15790 | D:8      | Found a sand-covered staircase.
 15810 | Ossuary  | Entered an ossuary
 16627 | Ossuary  | Offered knowledge of Frozen Ramparts by Vehumet.
 17259 | D:8      | Reached XP level 10. HP: 44/44 MP: 16/23
 17286 | D:8      | Reached skill level 11 in Stealth
 17310 | D:8      | Reached *** piety under Vehumet
 17911 | D:8      | Found a glowing silver altar of Zin.
 18461 | D:8      | Found a hazy altar of Hepliaklqana.
 18464 | D:8      | Found a white marble altar of Elyvilon.
 18466 | D:8      | Found a hide-covered altar of Uskayaw.
 19845 | D:9      | Offered knowledge of Volatile Blastmotes by Vehumet.
 19850 | D:9      | Learned a level 3 spell: Volatile Blastmotes
 20189 | D:9      | Found a runed translucent gate.
 20189 | D:9      | Found a runed translucent gate.
 20189 | D:9      | Found a runed translucent gate.
 20190 | D:9      | Noticed Warped's ghost (journeyman DESu)
 20190 | D:9      | Noticed a cyclops
 20328 | D:9      | Reached skill level 10 in Dodging
 20712 | D:9      | Found a blossoming altar of Fedhas.
 20959 | D:9      | Reached skill level 12 in Stealth
 21455 | D:9      | You fall into a shaft and drop 1 floor!
 21455 | D:10     | Entered Level 10 of the Dungeon
 21507 | D:10     | Found a staircase to the Lair.
 21507 | D:10     | Noticed an oklob plant
 21508 | D:10     | Identified the +0 whip "Zyloor" {flame, rElec}
 22194 | D:9      | Upgraded the game from 0.31-a0-214-gb37851dbb3 to
                  | 0.31-a0-217-g58bb5d79cf
 22420 | D:9      | Learned a level 5 spell: Irradiate
 22425 | D:9      | Learned a level 4 spell: Fulminant Prism
 22660 | D:9      | Noticed a two-headed ogre
 22680 | D:9      | Killed a two-headed ogre
 22942 | D:10     | Reached XP level 11. HP: 47/47 MP: 8/25
 23507 | D:10     | Found a broken altar of Ashenzari.
 23649 | D:10     | Reached **** piety under Vehumet
 23650 | D:10     | Reached skill level 10 in Translocations
 23891 | D:10     | Noticed a two-headed ogre
 24051 | D:10     | Killed a two-headed ogre
 24052 | D:10     | Reached skill level 10 in Spellcasting
 24738 | D:10     | Killed from afar by an oklob plant

Illustrated notes

Levels and vault maps discovered:
D:1:      sevenhm_arrival_forest_fort_small_5, layout_rooms, minivault_11,
          minmay_octomino_e4
D:2:      layout_basic, serial_forest, infiniplex_forest_lined_room_3,
          infiniplex_forest_straight_3, infiniplex_forest_clump_curved,
          infiniplex_forest_straight_5, infiniplex_forest_lined_3,
          shapermc_ecumenical_altar_hornbeckon, dreamdust_mushroom_princess
D:3:      lemuel_castle_with_subvaults [lemuel_castle_interior_carwin_3],
          layout_loops_ring, minmay_surrounded, uniq_robin
D:4:      layout_cave_pools, temple_pool_b, uniq_crazy_yiuf_cottage
D:5:      layout_cave_pools, st_stairs_10, dk_vineyard_3, grunt_ministairs_11
D:6:      cheibrodos_quashed, layout_basic, lemuel_zombie_altar_kikubaaqudgha,
          old_standard_altar, kennysheep_flooded_box, serial_bayou_crossing,
          uniq_pikel, uniq_blork_the_orc
D:7:      layout_loops_cross, hangedman_decor_clover_reticule,
          grunt_ministairs_2
D:8:      layout_layer_cave, old_standard_altar, grunt_temple_overflow_diamond,
          nicolae_ossuary_entry_giza
D:9:      layout_basic, lemuel_round_altar, gammafunk_ghost_split,
          kennysheep_generic_room_4
D:10:     layout_roguey, amcnicky_altar_gilded, dpeg_oklobed_lair, wad_dig_loot
Temple:   minmay_temple_curvy_branch

Skill      XL: |  1  2  3  4  5  6  7  8  9 10 11 |
---------------+----------------------------------+-----
Conjurations   | 3 4 5 6 |  6.9
Dodging        | 3 4 5 6 7 9 10 | 10.9
Spellcasting   | 3 4 5 7 8 9 10 | 10.1
Stealth        | 4 5 6 7 9 10 12 | 12.9
Translocations | 3 5 7 9 10 | 10.3

Action                     |  1- 3 |  4- 6 |  7- 9 | 10-12 || total
---------------------------+-------+-------+-------+-------++-------
  Melee: Mace              |    13 |     8 |       |       ||    21
         Unarmed           |       |    15 |       |       ||    15
   Cast: Magic Dart        |   111 |   169 |   245 |   114 ||   639
         Searing Ray       |       |    32 |   110 |    92 ||   234
         Volatile Blastmot |       |       |       |    49 ||    49
         Fulminant Prism   |       |       |       |    27 ||    27
         Iskenderun's Myst |       |       |       |     1 ||     1
    Use: Scroll            |     1 |     1 |     7 |     7 ||    16
         Potion            |       |       |       |     1 ||     1
   Stab: Confused          |       |     1 |       |       ||     1
 Armour: Skin              |    10 |    16 |       |       ||    26
         Robe              |       |       |     3 |     4 ||     7
  Dodge: Dodged            |    10 |    50 |    39 |    42 ||   141
  Block: Other             |       |       |    10 |    13 ||    23
         Reflection        |       |       |     1 |       ||     1

Table legend: (Time is in decaauts)
 A = Elapsed time spent in this place.
 B = Non-inter-level travel time spent in this place.
 C = Inter-level travel time spent in this place.
 D = Time resting spent in this place.
 E = Time spent auto-exploring this place.
 F = Levels seen in this place.
 G = Mean time per level.
                   A        B        C        D        E       F      G
               +--------+--------+--------+--------+--------+-----+--------+
         Total |  21121 |  20778 |    343 |  13789 |   4623 |  12 | 1760.1 |
       Dungeon |  19785 |  19467 |    318 |  12810 |   4381 |  10 | 1978.5 |
        Temple |    183 |    158 |     25 |      0 |    154 |   1 |  183.0 |
       Ossuary |   1152 |   1152 |      0 |    979 |     87 |   1 | 1152.0 |
               +--------+--------+--------+--------+--------+-----+--------+

Top non-repeatable levels by time:
     D:3: 4309 daAuts
     D:9: 3335 daAuts
     D:6: 2368 daAuts
    D:10: 1649 daAuts
     D:4: 1643 daAuts
     D:2: 1455 daAuts
     D:8: 1428 daAuts
     D:5: 1389 daAuts
 Ossuary: 1152 daAuts
     D:7: 1137 daAuts
     D:1: 1068 daAuts
  Temple: 183 daAuts
